 Dungeon Crawl Stone Soup version 0.21-a0-504-g2eda330 (webtiles) character file.

82 KristoblXynda the Conjurer (level 4, -7/33 HPs)
             Began as a Draconian Conjurer on Nov 25, 2017.
             Mangled by Scuka's ghost (12 damage)
             ... on level 3 of the Dungeon.
             The game lasted 00:05:43 (2339 turns).

KristoblXynda the Conjurer (Draconian Conjurer)     Turns: 2339, Time: 00:05:43

Health: -7/33      AC:  5    Str: 16    XL:     4   Next: 21%
Magic:  1/8        EV: 12    Int: 21    God:
Gold:   139        SH:  0    Dex: 11    Spells: 1/9 levels left

rFire    . . .     SeeInvis +   h - +1 dagger (venom)
rCold    . . .     Gourm    .   (no shield)
rNeg     . . .     Faith    .   (armour unavailable)
rPois    .         Spirit   .   (helmet restricted)
rElec    .         Reflect  .   (no cloak)
rCorr    .         Harm     .   (no gloves)
MR       .....                  (no boots)
Stlth    ++........             (no amulet)
HPRegen  0.11/turn              p - ring of see invisible
MPRegen  0.11/turn              (no ring)

@: mighty, brilliant, very slightly contaminated
A: unfitting armour, cold-blooded, AC +5
a: no special abilities


You were on level 3 of the Dungeon.
You were not hungry.

You visited 1 branch of the dungeon, and saw 3 of its levels.

You collected 139 gold pieces.

Inventory:

Hand Weapons
 h - a +1 dagger of venom (weapon)
Jewellery
 p - a ring of see invisible (left hand)
Scrolls
 c - a scroll of teleportation {unknown}
 d - a scroll of remove curse
 l - a scroll of random uselessness {unknown}
Potions
 e - 2 potions of mutation
 i - a potion of flight
 j - a potion of brilliance
Books
 a - a book of Conjurations

   Spells                             Type                      Level
   a - Magic Dart                     Conjuration                  1
   b - Searing Ray                    Conjuration                  2
   c - Dazzling Spray                 Conjuration/Hexes            3
   d - Fulminant Prism                Conjuration/Hexes            4
   e - Force Lance                    Conjuration/Translocation    4
   f - Iskenderun's Mystic Blast      Conjuration                  4
Comestibles
 b - 2 bread rations
 f - 3 meat rations
 k - a fruit


   Skills:
 - Level 2.1 Dodging
 - Level 1.7 Stealth
 + Level 3.1 Spellcasting
 + Level 4.8 Conjurations


You had one spell level left.
You knew the following spells:

 Your Spells              Type           Power        Failure   Level  Hunger
a - Magic Dart            Conj           ####         1%          1    None
b - Dazzling Spray        Conj/Hex       ####..       1%          3    ###....
c - Iskenderun's Mystic   Conj           #####...     2%          4    ####...


Dungeon Overview and Level Annotations

Branches:
Dungeon (3/15)

Altars:

Annotations:
D:3 Scuka's ghost, amateur MiFi


Innate Abilities, Weirdness & Mutations

Your plain brown scales are hard. (AC +5)
You cannot fit into any form of body armour.
You are cold-blooded and may be slowed by cold attacks.


Message History

Scuka's ghost is moderately damaged.
Scuka's ghost barely misses you.
Casting: Magic Dart
Confirm with . or Enter, or press ? or * to list all spells.
Aiming: Magic Dart
Press: ? - help, Shift-Dir - straight line, f/p - Scuka's ghost
Aim: Scuka's ghost (moderately damaged)
The magic dart hits Scuka's ghost.
Scuka's ghost is moderately damaged.
Scuka's ghost hits you!
It was a potion of might.
You feel very mighty all of a sudden.
Scuka's ghost screams, "Zot is a myth, the ORB is a fable, you'll soon be a tale!"
Scuka's ghost hits you!
* * * LOW HITPOINT WARNING * * *
As you read the scroll labeled WAFA QINUSCHE, it crumbles to dust.
It is a scroll of enchant armour.
You aren't carrying any armour which can be enchanted further.
Scuka's ghost hits you!
You die...

## # # ### #.# #.# ########## #.#
#........# ####.#
###########.#......# #...##
#.W@......#.#.......
##..#######.#######.#.#......#
#..............# #.#.........
#.########.###.# #.#.........
##'## #.###.###.#.....)...
##...## #.........####...###
##.....## #####.##### #...#
##.......## #........# #...##
#.........####...#.##.#####..).##


You could see Scuka's ghost.

Vanquished Creatures
  2 adders (D:2)
  A worm (D:3)
  A dart slug (D:1)
  A leopard gecko (D:2)
  3 orcs (D:3)
  10 bats
  2 giant cockroaches (D:2)
  13 goblins
  2 hobgoblins
  4 jackals (D:2)
  2 quokkas
  2 frilled lizards
  A jackal skeleton (D:3)
  4 kobolds
  5 rats
53 creatures vanquished.

Notes
Turn   | Place    | Note
-------+----------+-------------------------------------------
     0 | D:1      | KristoblXynda the Draconian Conjurer began the quest for the Orb.
     0 | D:1      | Reached XP level 1. HP: 14/14 MP: 3/3
   160 | D:1      | Reached XP level 2. HP: 20/20 MP: 3/5
   640 | D:2      | Reached XP level 3. HP: 23/26 MP: 6/6
  1484 | D:3      | Reached XP level 4. HP: 33/33 MP: 3/8
  1558 | D:3      | Learned a level 3 spell: Dazzling Spray
  2119 | D:3      | Noticed Scuka's ghost (amateur MiFi)
  2188 | D:3      | Learned a level 4 spell: Iskenderun's Mystic Blast
  2339 | D:3      | Mangled by Scuka's ghost

Vault maps used:
D:1:      dpeg_arrival_simpleton_c
D:2:      kennysheep_generic_room_2
D:3:      marbit_many_paths, eino_curves_04

Skill      XL: |  1  2  3 |
---------------+----------+-----
Dodging        | 2 |  2.1
Spellcasting   | 3 |  3.1
Stealth        | |  1.7
Conjurations   | |  4.8

Action                   |  1- 3 |  4- 6 || total
-------------------------+-------+-------++-------
Melee: Dagger            |    61 |    40 ||   101
       Tailslap          |     5 |     4 ||     9
 Cast: Magic Dart        |    40 |     5 ||    45
       Iskenderun's Myst |       |     2 ||     2
  Use: Scroll            |     1 |     5 ||     6
       Potion            |       |     2 ||     2
 Stab: Sleeping          |     3 |     2 ||     5
  Eat: Chunk             |     2 |     3 ||     5
Armor: Skin              |    16 |     8 ||    24
Dodge: Dodged            |    34 |    15 ||    49

Table legend:
 A = Spawn XP
 B = Non-spawn XP
 C = Spawn XP percentage of total XP
 D = Spawn monster count
 E = Non-spawn monster count
 F = Spawn count percentage of total count
 G = Total turns spent on level
                    A         B        C        D         E        F      G
               +---------+---------+-------+---------+---------+-------+---------
         Total |       0 |     118 |   0.0 |       0 |      53 |   0.0 |  2339
               +---------+---------+-------+---------+---------+-------+---------
           D:1 |       0 |      19 |   0.0 |       0 |      11 |   0.0 |   508
           D:2 |       0 |      68 |   0.0 |       0 |      26 |   0.0 |   893
           D:3 |       0 |      31 |   0.0 |       0 |      16 |   0.0 |   938
               +---------+---------+-------+---------+---------+-------+---------
